 Dungeon Crawl Stone Soup version 0.23.2-1-ga50397a (webtiles) character file.

Game seed: 417998498121176248

91 Magicfruit the Poker (level 4, -2/29 HPs)
             Began as a Tengu Monk on May 19, 2019.
             Was a Believer of the Shining One.
             Slain by an adder (3 damage)
             ... on level 3 of the Dungeon.
             The game lasted 00:06:20 (1560 turns).

Magicfruit the Poker (Tengu Monk)                   Turns: 1560, Time: 00:06:21

Health: -2/29      AC:  2    Str: 11    XL:     4   Next: 57%
Magic:  5/5        EV: 15    Int: 10    God:    the Shining One [**....]
Gold:   68         SH:  0    Dex: 18    Spells: 3/3 levels left

rFire    . . .     SeeInvis .   a - +0 spear
rCold    . . .     Gourm    .   (no shield)
rNeg     + . .     Faith    .   d - +0 robe
rPois    .         Spirit   .   (helmet restricted)
rElec    .         Reflect  .   (no cloak)
rCorr    .         Harm     .   (no gloves)
MR       .....                  (boots unavailable)
Stlth    +.........             (no amulet)
HPRegen  0.09/turn              (no ring)
MPRegen  0.09/turn              (no ring)

@: lethally poisoned (-2 -> -9), very slightly contaminated, glowing, invisible
(but backlit and visible)
A: beak, talons 3
a: Divine Shield, Renounce Religion


You were on level 3 of the Dungeon.
You worshipped the Shining One.
The Shining One was pleased with you.
You were not hungry.

You visited 1 branch of the dungeon, and saw 3 of its levels.

You collected 68 gold pieces.

Inventory:

Hand Weapons
 a - a +0 spear (weapon)
 g - a +0 club
Armour
 b - a +0 robe
 d - a +0 robe (worn)
 h - a +0 robe
Scrolls
 e - a scroll of teleportation
Comestibles
 c - a ration


   Skills:
 + Level 3.6 Fighting
 + Level 4.4 Polearms
 + Level 4.1 Dodging
 + Level 2.2 Stealth


You had 3 spell levels left.
You didn't know any spells.
Your spell library was empty.

Dungeon Overview and Level Annotations

Branches:
Dungeon (3/15)

Altars:
The Shining One

Annotations:
D:3 Grinder


Innate Abilities, Weirdness & Mutations

You have a beak for a mouth.
You have claws for feet.


Message History

You are poisoned.
The adder poisons you!
You are very lightly contaminated with residual magic.
* * * LOW HITPOINT WARNING * * *
You feel sick.
There is a stone staircase leading down here.
* * * LOW HITPOINT WARNING * * *
You feel sick. The adder barely misses you. The adder bites you.
* * * LOW HITPOINT WARNING * * *
You are more poisoned.
The adder poisons you!
You climb downwards.
Grinder comes into view.
Grinder shouts!
You hear a shout!
There is a stone staircase leading up here.
You closely miss the adder. Your kick misses the adder.
The adder is heavily wounded.
* * * LOW HITPOINT WARNING * * *
You feel sick. The adder bites you.
You die...

+........
#.......#
.........
........#
....5...#
........#
........#
#......@#
#######.S......
.........
.....####.
.......
.........
...........
.............


You could see Grinder and an adder.

Vanquished Creatures
  Jessica (D:2)
  An adder (D:2)
  2 oozes
  2 worms (D:2)
  3 dart slugs
  3 leopard geckos
  3 giant cockroaches
  4 goblins
  2 hobgoblins (D:2)
  2 jackals (D:1)
  4 kobolds
  2 bats
  A frilled lizard (D:1)
  3 rats
33 creatures vanquished.

Notes
Turn   | Place    | Note
-------+----------+-------------------------------------------
     0 | D:1      | Magicfruit the Tengu Monk began the quest for the Orb.
     0 | D:1      | Reached XP level 1. HP: 14/14 MP: 2/2
    65 | D:1      | Reached XP level 2. HP: 6/19 MP: 3/3
   824 | D:1      | Reached XP level 3. HP: 23/23 MP: 4/4
  1144 | D:2      | Noticed Jessica
  1201 | D:2      | Killed Jessica
  1201 | D:2      | Reached XP level 4. HP: 21/28 MP: 5/5
  1422 | D:2      | Found a glowing golden altar of the Shining One.
  1483 | D:2      | Became a worshipper of the Shining One
  1483 | D:2      | Reached * piety under the Shining One
  1483 | D:2      | Reached ** piety under the Shining One
  1559 | D:3      | Noticed Grinder
  1560 | D:3      | HP: 1/29 [poisoned by an adder]
  1560 | D:3      | Slain by an adder

Skill      XL: |  1  2  3 |
---------------+----------+-----
Polearms       | 4 |  4.4
Dodging        | 4 |  4.1
Fighting       | |  3.6
Stealth        | |  2.2

Action                   |  1- 3 |  4- 6 || total
-------------------------+-------+-------++-------
Melee: Spear             |    64 |    25 ||    89
       Kick              |    18 |    13 ||    31
       Peck              |    11 |     7 ||    18
  Use: Scroll            |     2 |       ||     2
       Potion            |     1 |     1 ||     2
 Stab: Sleeping          |     1 |     1 ||     2
  Eat: Ration            |       |     1 ||     1
Armor: Robe              |     9 |     2 ||    11
Dodge: Dodged            |    34 |    25 ||    59
